AoeStats
← chenya_ko

Arabia

507827387Analyzed
1v1 RM · 14d ago on Sep 19, 2026· 34m 2s· 2 players
Game mode
Random Map
Map size
Tiny (2 player)
Population
200
Speed
Normal
Resources
Standard
Victory
Conquest
Starting age
Dark Age
Ending age
Imperial Age
RankedLock teamsTeams togetherTeam positionsShared explorationLock speedFull tech treeHidden civsTurbo modeCheats
Victory
Defeat
🇹🇼 Japanese · Taiwan
1062
+15
🇧🇷 Mongols · Brazil
1038
-15
BlackHawk
8:21 Loom
10:35 Feudal Age
11:11 Double-Bit Axe
14:40 Wheelbarrow
14:53 Scale Barding Armor
17:07 Forging
25:09 Castle Age
25:28 Horse Collar
26:33 Chain Barding Armor
27:32 Iron Casting
32:07 Padded Archer Armor
chenya_ko
2:00 Loom
10:21 Feudal Age
10:37 Man-at-Arms
11:48 Double-Bit Axe
14:42 Fletching
17:03 Wheelbarrow
22:39 Castle Age
20:56 Horse Collar
21:16 Arson
21:35 Scale Mail Armor
22:01 Gold Mining
22:21 Padded Archer Armor
23:07 Forging
22:59 Long Swordsman
23:03 Elite Skirmisher
23:44 Gambesons
24:28 Squires
26:17 Iron Casting
27:21 Pikeman
28:58 Bow Saw
30:16 Town Watch
31:33 Heavy Plow
33:22 Hand Cart
33:53 Chain Mail Armor
Connection lost

Rejoining the realm…

Still unreachable

The connection could not be restored.

Session expired

The server has moved on; the page needs a fresh start.